 Dungeon Crawl Stone Soup version 0.30-b1-2-g02819fbbbe (webtiles) character file.

Game seed: 13500956723427314362

3400 PeMo the Cleaver (level 9, -1/82 HPs)
             Began as a Minotaur Berserker on Aug 17, 2023.
             Was an Elder of Trog.
             Slain by a gnoll sergeant
             ... wielding a +0 glaive
              (14 damage)
             ... in a bailey.
             The game lasted 00:12:59 (6357 turns).

PeMo the Cleaver (Minotaur Berserker)               Turns: 6357, Time: 00:12:59

Health: -1/82      AC: 12    Str: 23    XL:     9   Next: 75%
Magic:  8/8        EV: 10    Int:  6    God:    Trog [****..]
Gold:   110        SH:  0    Dex: 11    Spells: 8/8 levels left

rFire   + . .        B - +1 hand axe (elec)
rCold   + . .        (no shield)
rNeg    . . .        w - +0 scale mail of Prudence {rF+ rC+}
rPois   .            C - +2 hat
rElec   .            (no cloak)
rCorr   .            D - +0 pair of gloves
SInv    .            g - +0 pair of boots
Will    .....        l - amulet of regeneration Stlth
                     (no ring)
HPRegen 1.13/turn    (no ring)
MPRegen 0.11/turn

%: no passive effects
@: no status effects
A: horns 2, retaliatory headbutt
a: Renounce Religion, Berserk, Trog's Hand, Brothers in Arms


You were in a bailey.
You worshipped Trog.
Trog was greatly pleased with you.
You visited 1 branch of the dungeon, and saw 7 of its levels.
You also visited: Sewer and Bailey.

You collected 334 gold pieces.
You spent 224 gold pieces at shops.

Inventory:

Hand Weapons
 a - a +0 hand axe
 B - a +1 hand axe of electrocution (weapon)
 G - a +0 war axe
Missiles
 j - 16 poisoned darts (quivered)
 p - 2 datura-tipped darts
 v - 5 throwing nets
Armour
 b - a +0 animal skin
 g - a +0 pair of boots (worn)
 q - a +0 ring mail
 w - the +0 scale mail of Prudence (worn) {rF+ rC+}
   (You took it off an orc on level 4 of the Dungeon)

   rF:        It protects you from fire.
   rC:        It protects you from cold.
 C - a +2 hat (worn)
 D - a +0 pair of gloves (worn)
 E - a +3 ring mail
 H - an orb of energy
 J - a +3 scale mail
Jewellery
 l - an amulet of regeneration (around neck)
 F - a ring of ice
Scrolls
 c - 4 scrolls of teleportation {unknown}
 d - 5 scrolls of fear {unknown}
 e - 2 scrolls of amnesia {unknown}
 f - 2 scrolls of torment {unknown}
 h - 3 scrolls of blinking {unknown}
 k - a scroll of noise {unknown}
 o - 3 scrolls of identify {unknown}
 r - 3 scrolls of enchant armour {unknown}
 s - a scroll of immolation {unknown}
 u - a scroll of silence {unknown}
 y - a scroll of summoning {unknown}
 A - 2 scrolls of brand weapon {unknown}
Potions
 i - 3 potions of degeneration {unknown}
 m - 3 potions of curing {unknown}
 n - 5 potions of magic {unknown}
 t - 2 potions of attraction {unknown}
 x - a potion of heal wounds {unknown}
 z - a potion of mutation {unknown}
 I - 2 potions of resistance {unknown}


   Skills:
 + Level 8.5 Fighting
 - Level 14.0 Axes
 - Level 6.0 Armour
 - Level 2.1 Dodging


You had 8 spell levels left.
You didn't know any spells.
Your spell library was empty.

Dungeon Overview and Level Annotations

Branches:
Dungeon (7/15)             Temple (0/1) D:4           Sewer (visited)
 Bailey (1/1)

Altars:
Ashenzari
Fedhas
Gozag
Hepliaklqana
Kikubaaqudgha
Uskayaw
Yredelemnul

Shops:
D:1 [   D:3 (


Innate Abilities, Weirdness & Mutations

You have a pair of horns on your head.
You reflexively headbutt those who attack you in melee.


Message History

Lightning courses through the gnoll sergeant!
You hit the wolf but do no damage. The wolf closely misses you.
You hit the gnoll bouda.
The gnoll bouda is almost dead.
You hit the gnoll sergeant but do no damage.
You closely miss the wolf. The gnoll bouda closely misses you.
The gnoll sergeant hits you with a +0 glaive.
The wolf barely misses you.
You hit the gnoll bouda.
You kill the gnoll bouda!
Trog accepts your kill.
You closely miss the gnoll sergeant. You closely miss the wolf.
The wolf bites you but does no damage.
A gnoll bouda comes into view. It is wielding a +0 spear.
You hit the wolf.
You headbutt the wolf, but do no damage.
The wolf is moderately wounded.
You hit the gnoll sergeant but do no damage.
The gnoll sergeant hits you with a +0 glaive!!
The wolf bites you but does no damage.
You closely miss the wolf. Your headbutt misses the wolf.
The wolf is moderately wounded.
You hit the gnoll sergeant but do no damage.
The wolf barely misses you. You furiously retaliate!
You headbutt the wolf.
The gnoll sergeant hits you but does no damage.
You hit the gnoll sergeant.
The gnoll sergeant is almost dead.
You hit the wolf. The wolf bites you.
You hit the gnoll sergeant but do no damage.
The gnoll sergeant is almost dead.
You hit the wolf.
The gnoll sergeant hits you from afar with a +0 glaive!
* * * LOW HITPOINT WARNING * * *
The wolf pauses to sniff the ground.
The wolf bites you.
* * * LOW HITPOINT WARNING * * *
The gnoll bouda barks out a call to the hunt!
The gnoll sergeant picks up the pace!
The gnoll sergeant hits you with a +0 glaive!
You die...

♣≈#8.. ##'## ≈♣
♣≈#... ##.).##
≈♣
♣≈#...##.)...##
≈♣
♣≈#..g#..))...#
≈♣
#...#...8...#
≈♣
#...#.......#
#..g##.....##
#..gh##...##
#8..@)##'##
#...))#)..#
##...)'.).+
##...#...#
#####...#
......
.........
≈≈≈≈≈≈≈≈≈≈≈
♣♣♣♣♣♣♣♣♣♣♣♣


You could see 2 gnoll sergeants, a wolf and a gnoll bouda.

Vanquished Creatures
  A wyvern (D:7)
  A steam dragon (D:6)
  Menkaure (D:4)
  Duvessa (D:5)
  Pargi (Sewer)
  3 black bears
  An ice beast (D:6)
  An orc warrior (D:7)
  An ogre (D:5)
  A phantom (D:5)
  The ghost of Cris the Stinger, an amateur DsVM of Fedhas (D:4)
  The ghost of BerneyBell the Conjurer, an amateur TeRe (D:3)
  3 bullfrogs
  3 gnoll sergeants
  2 scorpions (D:5)
  Dowan (D:5)
  4 killer bees (D:7)
  2 howler monkeys (D:7)
  5 hounds
  2 orc priests
  3 jellies
  5 gnoll boudas
  A sleepcap (D:6)
  2 centaur skeletons (D:3)
  8 iguanas
  5 orc wizards
  18 gnolls
  6 adders
  2 river rats (D:5)
  A shadow imp (D:6)
  A white imp (D:5)
  A worm (D:4)
  A dart slug (D:2)
  21 orcs
  9 ball pythons
  8 bats
  7 endoplasms
  6 giant cockroaches
  14 goblins
  11 hobgoblins
  4 jackals
  2 quokkas (D:5)
  4 frilled lizards
  5 kobolds
  8 rats
189 creatures vanquished.

Vanquished Creatures (others)
  4 plants
4 creatures vanquished.

Grand Total: 193 creatures vanquished

Notes
Turn   | Place    | Note
-------+----------+-------------------------------------------
     0 | D:1      | PeMo the Minotaur Berserker began the quest for the Orb.
     0 | D:1      | Reached XP level 1. HP: 19/19 MP: 0/0
   198 | D:1      | Reached skill level 4 in Axes
   273 | D:1      | Reached XP level 2. HP: 24/26 MP: 1/1
   358 | D:1      | You fall into a shaft and drop 1 floor!
   556 | D:2      | Reached skill level 5 in Axes
   556 | D:2      | Reached XP level 3. HP: 29/31 MP: 2/2
   865 | D:2      | Reached ** piety under Trog
  1566 | D:1      | Found Mais's Armour Shop.
  1719 | D:3      | Noticed a gnoll sergeant
  1725 | D:3      | Reached XP level 4. HP: 37/39 MP: 3/3
  1733 | D:3      | Killed a gnoll sergeant
  1734 | D:3      | Reached skill level 6 in Axes
  1736 | D:3      | Reached XP level 5. HP: 45/45 MP: 4/4
  1739 | D:3      | Reached skill level 7 in Axes
  1891 | D:3      | Noticed a black bear
  1892 | D:3      | Found a blossoming altar of Fedhas.
  1892 | D:3      | Found an opulent altar of Gozag.
  1903 | D:3      | Killed a black bear
  1904 | D:3      | Reached skill level 8 in Axes
  1952 | D:3      | Found a hide-covered altar of Uskayaw.
  2060 | D:3      | Found a basalt altar of Yredelemnul.
  2357 | D:3      | Found Penies's Weapon Emporium.
  2560 | D:3      | Found a runed translucent gate.
  2561 | D:3      | Found a runed translucent gate.
  2563 | D:3      | Found a runed translucent gate.
  2565 | D:3      | Noticed BerneyBell's ghost (amateur TeRe)
  2692 | D:3      | Killed BerneyBell's ghost
  2693 | D:3      | Reached XP level 6. HP: 51/51 MP: 5/5
  2785 | D:4      | Reached skill level 9 in Axes
  3068 | D:4      | Found an ancient bone altar of Kikubaaqudgha.
  3094 | D:4      | Noticed Menkaure
  3106 | D:4      | Reached XP level 7. HP: 24/57 MP: 6/6
  3109 | D:4      | Killed Menkaure
  3110 | D:4      | Reached skill level 10 in Axes
  3264 | D:4      | Found a staircase to the Ecumenical Temple.
  3651 | D:4      | Found a runed translucent gate.
  3652 | D:4      | Found a runed translucent gate.
  3652 | D:4      | Noticed Cris's ghost (amateur DsVM)
  3652 | D:4      | Identified the +0 scale mail of Prudence {rF+ rC+}
  3653 | D:4      | Found a runed translucent gate.
  3698 | D:4      | Reached *** piety under Trog
  3701 | D:4      | Killed Cris's ghost
  3702 | D:4      | Reached skill level 11 in Axes
  3802 | D:5      | Entered Level 5 of the Dungeon
  3932 | D:5      | Found a glowing drain.
  3940 | Sewer    | Entered a sewer
  3979 | Sewer    | Reached XP level 8. HP: 64/64 MP: 7/7
  3984 | Sewer    | Noticed Pargi
  3995 | Sewer    | Killed Pargi
  4151 | D:5      | Noticed Duvessa
  4153 | D:5      | Noticed Dowan
  4164 | D:5      | Reached skill level 12 in Axes
  4171 | D:5      | Killed Duvessa
  4177 | D:5      | Killed Dowan
  4541 | D:5      | Reached skill level 13 in Axes
  5000 | D:1      | Bought a +2 hat for 224 gold pieces
  5286 | D:6      | Reached skill level 14 in Axes
  5305 | D:6      | Reached XP level 9. HP: 69/72 MP: 8/8
  5334 | D:6      | Reached **** piety under Trog
  5381 | D:6      | Reached skill level 5 in Fighting
  5881 | D:7      | Reached skill level 5 in Armour
  5915 | D:7      | Found a broken altar of Ashenzari.
  6018 | D:7      | Found a hazy altar of Hepliaklqana.
  6182 | D:7      | Found a flagged portal.
  6195 | Bailey   | Entered a bailey
  6357 | Bailey   | Slain by a gnoll sergeant

Illustrated notes

Levels and vault maps discovered:
D:1:      arrival_zaba_pyramid, layout_basic, serial_shops,
          nicolae_shop_crystal, wad_floor_pattern_untrapped,
          minmay_misc_feat_rugged
D:2:      layout_loops_ring
D:3:      layout_basic, mainiacjoe_overflow_cross_hatched,
          gammafunk_temple_overflow_forgotten, gammafunk_ghost_necromancy,
          serial_shops, shop, minmay_misc_feat_doors
D:4:      layout_cave_pools, general_overflow_altar,
          minmay_temple_entry_sparse_star, serial_rivers,
          chequers_serial_rivers_large_a, chequers_serial_rivers_marsh,
          chequers_serial_rivers_micro_e, chequers_serial_rivers_room_b,
          chequers_serial_rivers_micro_e, chequers_serial_rivers_micro_c,
          biasface_ghost_orc_armoury, nicolae_figureground_sparkle,
          uniq_menkaure
D:5:      layout_loops_corners, portal_sewer_entry_e, uniq_duvessa
D:6:      layout_loops_ring
D:7:      layout_rooms, mainiacjoe_overflow_alcove_1,
          nicolae_hepliaklqana_hazy_memory, enter_bailey_5,
          minmay_misc_feat_five, minmay_liquid_box, dreamdust_wishing_well
Bailey:   bailey_polearm_gnolls_kennysheep, bailey

Skill      XL: |  1  2  3  4  5  6  7  8  9 |
---------------+----------------------------+-----
Axes           | 4 5 6 8 9 11 14 | 14.0
Fighting       | 4 8 |  8.5
Armour         | 6 |  6.0
Dodging        | |  2.1

Action                     |  1- 3 |  4- 6 |  7- 9 || total
---------------------------+-------+-------+-------++-------
  Melee: Hand axe          |    92 |    65 |   328 ||   485
         Headbutt          |    11 |    10 |    61 ||    82
         Punch             |       |       |     5 ||     5
  Throw: Dart              |       |     2 |       ||     2
 Invoke: Berserk           |       |     2 |     4 ||     6
         Trog's Hand       |       |     1 |     1 ||     2
   Stab: Sleeping          |     2 |       |       ||     2
 Armour: Animal skin       |    13 |       |       ||    13
         Ring mail         |       |    24 |    16 ||    40
         Scale mail        |       |       |   101 ||   101
  Dodge: Dodged            |    65 |    39 |   141 ||   245
